 Dungeon Crawl Stone Soup version 0.31.0-12-g77e489cdc1 (webtiles) character file.

Game seed: 15683465018690322353

10 spaghetti the Trooper (level 2, -1/3 HPs)
             Began as a Naga Chaos Knight on Mar 3, 2024.
             Was a Plaything of Xom.
             Slain by a goblin
             ... wielding a +0 dagger
              (4 damage)
             ... on level 1 of the Dungeon.
             The game lasted 00:00:32 (193 turns).

spaghetti the Trooper (Naga Chaos Knight)            Turns: 193, Time: 00:00:34

Health: -1/3       AC:  7    Str: 14    XL:     2   Next: 20%
Magic:  2/2        EV:  9    Int: 12    God:    Xom [..*...]
Gold:   3          SH:  0    Dex: 10    Spells: 1/1 levels left

rFire   . . .        a - +0 short sword (chaos)
rCold   . . .        (no shield)
rNeg    + . .        b - melded +2 leather armour
rPois   ∞            (no helmet)
rElec   +            (no cloak)
rCorr   .            (gloves currently unavailable)
SInv    +            (no barding)
Will    .....        (no amulet)
Stlth   ++           (no ring)
HPRegen 0.20/turn    (no ring)
MPRegen 0.08/turn

%: no passive effects
@: statue-form, very slow
A: slow and powerful, torment resistance 1, reduced hp, AC +0, large, see
invisible, deformed body, poison resistance, (slowness 2), spit poison 1, naga
tail 1
a: Spit Poison, Begin Untransformation, Renounce Religion


You were on level 1 of the Dungeon.
You worshipped Xom.
You were a toy of Xom.
You were a living statue of rough stone.
You visited 1 branch of the dungeon, and saw 1 of its levels.

You collected 3 gold pieces.

Inventory:

Hand Weapons
 a - a +0 short sword of chaos (weapon)
Armour
 b - a +2 leather armour (melded)
Jewellery
 d - a ring of ice
Talismans
 e - a granite talisman (active)
Scrolls
 c - a scroll of butterflies


   Skills:
 - Level 3.3 Fighting
 - Level 3.0 Short Blades
 - Level 1.5 Armour
 - Level 0.7 Dodging
 - Level 1.9 Stealth
 + Level 0.1 Shapeshifting


You had one spell level left.
You didn't know any spells.
Your spell library was empty.

Dungeon Overview and Level Annotations

Branches:
Dungeon (1/15)

Altars:


Innate Abilities, Weirdness & Mutations

You are a living statue of rough stone.
Your actions are slow, but your melee attacks are powerful.
You are resistant to unholy torment.
Your maximum health is decreased, since you lack skill for your form.
Your equipment is partially melded.
((Your serpentine skin is tough. (AC +0)))
You are immune to poison.
You have supernaturally acute eyesight. (SInv)
Armour fits poorly on your strangely shaped body.
Your system is resistant to poisons. (rPois)
((You cover ground very slowly.))
You can spit poison.
You have a snake-like lower body.


Message History

You see here a granite talisman.
e - a granite talisman
Okay, then.
You begin transforming.
You continue transforming. x3
You turn into a living statue of rough stone.
Your +2 leather armour melds into your body.
Setting a skill training target for Shapeshifting at 16.0.
Unknown command.
A kobold comes into view. It is wielding a +0 short sword.
You aren't carrying any potions.
The splash of poison hits the kobold.
The kobold is poisoned.
You kill the kobold!
No target in view!
No target in view!
No target in view!
No target in view!
No target in view!
No target in view!
No target in view!
You have got your breath back.
A ball python comes into view.
A ball python is nearby!
A ball python is nearby!
The ball python hisses angrily.
You hear a shout!
A goblin comes into view. It is wielding a +0 dagger.
The goblin moves out of view.
Things that are here:
a +0 short sword; a kobold corpse The splash of poison hits the ball python!
The ball python is poisoned.
You kill the ball python!
The goblin barely misses you. The goblin closely misses you.
You hit the goblin but do no damage. The goblin closely misses you.
You hit the goblin.
The goblin seems to grow stronger.
Xom is highly amused!
The goblin is moderately wounded.
You have got your breath back.
The goblin hits you with a +0 dagger.
Ouch! That really hurt!
You die...

..................# #
................#....
.......#...........###
...............)#....#
............##.......#
.............#.##....###
.........###....#.>.....
........# ####).....###
........# ##8.......
.......###.....g.......
....... ............#.#
....... ...............
....... ##########.....
##... .#. #


You could see a goblin (strong).

Vanquished Creatures
  A dart slug (D:1)
  A goblin (D:1)
  3 jackals (D:1)
  A ball python (D:1)
  A frilled lizard (D:1)
  A kobold (D:1)
8 creatures vanquished.

Notes
Turn   | Place    | Note
-------+----------+-------------------------------------------
     0 | D:1      | spaghetti the Naga Chaos Knight began the quest for the
                  | Orb.
     0 | D:1      | Reached XP level 1. HP: 21/21 MP: 1/1
    39 | D:1      | Reached skill level 1 in Stealth
    44 | D:1      | Reached XP level 2. HP: 7/28 MP: 2/2
   193 | D:1      | Slain by a goblin

Illustrated notes

Levels and vault maps discovered:
D:1:      doesnt_arrival_eight_statues, layout_rooms, minmay_tromino_i4

Skill      XL: |  1 |
---------------+----+-----
Stealth        | 1 |  1.9
Fighting       | |  3.3
Short Blades   | |  3.0
Armour         | |  1.5
Dodging        | |  0.7
Shapeshifting  | |  0.1

Action                     || total
---------------------------++-------
  Melee: Short sword       ||    16
Ability: Spit Poison       ||     5
 Armour: Leather armour    ||    20
         Skin              ||     1
  Dodge: Dodged            ||    11
   Form: Statue            ||     1
